 Dungeon Crawl Stone Soup version 0.29.1-1-gd02db6906a (webtiles) character file.

Game seed: 14612722245479168798

1034 Ashen the Chiller (level 8, 52/52 HPs)
             Began as a Demonspawn Ice Elementalist on Oct 21, 2022.
             Was a Follower of Vehumet.
             Got out of the dungeon alive.
             The game lasted 00:10:34 (6073 turns).

Ashen the Chiller (Demonspawn Ice Elementalist)     Turns: 6073, Time: 00:10:35

Health: 52/52      AC:  7    Str:  9    XL:     8   Next: 3%
Magic:  14/14      EV: 13    Int: 27    God:    Vehumet [*.....]
Gold:   235        SH:  0    Dex: 14    Spells: 9/16 levels left

rFire   . . .      SeeInvis .   C - +2 whip (elec)
rCold   . . .      Faith    .   (no shield)
rNeg    . . .      Spirit   .   a - +0 robe
rPois   +          Reflect  .   E - +0 helmet {Int+3}
rElec   .          Harm     .   l - +0 cloak
rCorr   .          Rampage  .   (no gloves)
Will    .....                   (no boots)
Stlth   +++.......              (no amulet)
HPRegen 0.17/turn               x - +6 ring of intelligence
MPRegen 0.14/turn               H - ring of poison resistance

@: no status effects
A: claws 1, molten scales 2, demonic guardian 1, ignite blood 1
a: Renounce Religion


You escaped.
You worshipped Vehumet.
Vehumet was aware of your devotion.
You visited 2 branches of the dungeon, and saw 7 of its levels.

You collected 384 gold pieces.
You spent 149 gold pieces at shops.

Inventory:

Hand Weapons
 e - a +0 dagger
 C - a +2 whip of electrocution (weapon)
Missiles
 D - 2 throwing nets
Armour
 a - a +0 robe (worn)
 l - a +0 cloak (worn)
 E - a +0 helmet of intelligence (worn)
Magical Staves
 n - a staff of cold
Jewellery
 x - a +6 ring of intelligence (left claw)
 H - a ring of poison resistance (right claw)
Scrolls
 f - 6 scrolls of teleportation {unknown}
 g - 2 scrolls of enchant armour {unknown}
 h - a scroll of immolation {unknown}
 k - 2 scrolls of poison {unknown}
 p - 4 scrolls of identify {unknown}
 q - 2 scrolls of fog {unknown}
 r - a scroll of enchant weapon {unknown}
 v - 2 scrolls of blinking {unknown}
 w - 2 scrolls of vulnerability {unknown}
 y - a scroll of torment {unknown}
 A - a scroll of magic mapping {unknown}
 F - a scroll of brand weapon {unknown}
Potions
 b - a potion of magic
 c - a potion of flight {unknown}
 d - 5 potions of curing {unknown}
 i - 2 potions of attraction {unknown}
 j - 2 potions of berserk rage {unknown}
 m - a potion of cancellation {unknown}
 o - a potion of resistance {unknown}
 s - a potion of invisibility {unknown}
 t - a potion of mutation {unknown}
 u - a potion of brilliance {unknown}
 z - 2 potions of might {unknown}
 B - 2 potions of lignification {unknown}
 G - a potion of ambrosia {unknown}


   Skills:
 + Level 4.5 Dodging
 + Level 4.9 Stealth
 + Level 4.6 Spellcasting
 + Level 5.6 Ice Magic


You had 9 spell levels left.
You knew the following spells:

 Your Spells              Type           Power      Damage    Failure   Level
a - Freeze                Ice            100%       1d11      1%          1
b - Frozen Ramparts       Ice            72%        1d11      2%          3
c - Ozocubu's Armour      Ice            36%        N/A       2%          3

Your spell library contained the following spells:

 Spells                   Type           Power      Damage    Failure   Level
 Sandblast                Erth           12%        2d6       8%          1
 Ensorcelled Hibernation  Hex/Ice        42%        N/A       3%          2
 Magic Dart               Conj           24%        1d4       8%          1
 Passwall                 Tmut/Erth      5%         N/A       12%         2
 Searing Ray              Conj           12%        2d4       12%         2
 Swiftness                Air            6%         N/A       22%         3
 Hailstorm                Conj/Ice       21%        3d6       24%         4
 Ice Form                 Ice/Tmut       21%        N/A       24%         4
 Summon Ice Beast         Ice/Summ       21%        N/A       24%         4
 Fulminant Prism          Conj/Hex       3%         3d6       58%         4


Dungeon Overview and Level Annotations

Branches:
Dungeon (6/15)             Temple (1/1) D:4

Altars:
Ashenzari
Cheibriados
Dithmenos
Fedhas
Gozag
Kikubaaqudgha
Makhleb
Nemelex Xobeh
Okawaru
Qazlal
Ru
Sif Muna
Trog
Uskayaw
Vehumet
Wu Jian
Xom
Yredelemnul

Shops:
D:4 [

Annotations:
D:4 exclusions: lemure and ogre, Grinder


Innate Abilities, Weirdness & Mutations

You have sharp fingernails.
You are mostly covered in molten scales. (AC +3)
A weak demonic guardian rushes to your aid.
Your demonic aura sometimes causes spilled blood to erupt in flames.


Message History

You freeze the ogre.
The ogre is almost dead.
The wall freezes the ogre!
You kill the ogre!
Vehumet accepts your kill.
You have reached level 8!
You feel stronger.
Your demonic ancestry asserts itself...
Your blood heats up.
Your icy armour cracks and falls away as you move.
The frozen ramparts melt away as you move.
Things that are here:
a +0 giant club; an ogre corpse
(D) Dungeon (T) Temple
Where to? (Enter - D:5 @ (x,y), ? - help)
What level of the Dungeon? (default 1, ? - help)
Things that are here:
a +0 dagger; a +0 robe; an orc corpse
Things that are here:
a +0 dagger; a +0 robe; an orc corpse
There is a stone staircase leading up here.
You climb upwards.
There is a stone staircase leading down here.
There is a stone staircase leading up here.
You climb upwards.
Level annotation: exclusions: lemure and ogre, Grinder
There is a stone staircase leading down here.
Magic restored.
There is an escape hatch in the ceiling here.
A mysterious force pulls you upwards. The hatch slams shut behind you.
There is a stone staircase leading up here.
You climb upwards.
There is a stone staircase leading down here.
There is a stone staircase leading up here.
You climb upwards.
There is a stone staircase leading down here.
You enter the shallow water.
Moving in this stuff is going to be slow.
There is a staircase leading out of the dungeon here.
Are you sure you want to leave the Dungeon?
This will make you lose the game!
You have escaped!

#.# #.# #.######### #.# #.#
#####.......... #.# #.#
#.............. #.# #.###
#.###..######## #.#
#..~♣♣♣♣♣♣♣♣♣~...# # #.#
#.~~♣≈♣♣≈♣♣≈≈~~..# # #.#
#.♣♣~~~~~~~~~≈♣####### # #.#
#.♣♣~~~~~~~~~♣♣......# # #.#
#.♣≈~~~~@~~~~♣♣.####.# # #.#
#.♣♣~~~~~~~~~♣♣.# #.# #
#.#######.♣≈~~~~~~~~~≈♣.####.####
#.........~~♣≈♣≈♣♣≈≈♣~~..........
#########..~♣♣♣♣♣♣♣♣♣~...###.####
###..# #.###..# #.# #. #..# #.#
#..# #.# #. #..## #.# #..# #.###.
##...## #.###..# #.##..


There were no monsters in sight!

Vanquished Creatures
  A steam dragon (D:6)
  An ice beast (D:5)
  An ogre (D:6)
  A phantom (D:5)
  A scorpion (D:5)
  A necrophage (D:5)
  A howler monkey (D:5)
  2 hounds
  An orc priest (D:3)
  3 iguanas
  5 orc wizards
  6 adders
  An ufetubus (D:5)
  2 worms
  3 dart slugs
  13 orcs
  2 ball pythons
  7 bats
  7 endoplasms
  2 giant cockroaches
  3 goblins
  7 hobgoblins
  5 kobolds
  3 quokkas
  3 rats
82 creatures vanquished.

Vanquished Creatures (collateral kills)
  A phantom (D:5)
1 creature vanquished.

Grand Total: 83 creatures vanquished

Notes
Turn   | Place    | Note
-------+----------+-------------------------------------------
     0 | D:1      | Ashen the Demonspawn Ice Elementalist began the quest for
                  | the Orb.
     0 | D:1      | Reached XP level 1. HP: 13/13 MP: 3/3
   193 | D:1      | Gained mutation: You have sharp fingernails. [demonic
                  | ancestry]
   193 | D:1      | Reached XP level 2. HP: 12/19 MP: 0/5
   405 | D:1      | Found a faded altar of an unknown god.
  1206 | D:2      | Gained mutation: You are partially covered in molten
                  | scales. (AC +2) [demonic ancestry]
  1206 | D:2      | Reached XP level 3. HP: 24/24 MP: 4/6
  1946 | D:3      | Learned a level 3 spell: Frozen Ramparts
  2190 | D:2      | Reached skill level 4 in Ice Magic
  2539 | D:3      | Reached XP level 4. HP: 19/30 MP: 4/8
  2543 | D:3      | Learned a level 3 spell: Ozocubu's Armour
  3252 | D:4      | Noticed Grinder
  3252 | D:4      | Paralysed by Grinder for 2 turns
  3347 | D:4      | Found a hide-covered altar of Uskayaw.
  3361 | D:4      | Reached XP level 5. HP: 24/35 MP: 5/9
  3500 | D:4      | Found a broken altar of Ashenzari.
  3600 | D:4      | Found a staircase to the Ecumenical Temple.
  3606 | Temple   | Entered the Ecumenical Temple
  3877 | Temple   | Became a worshipper of Vehumet
  3938 | D:4      | Noticed an ogre
  3945 | D:4      | Noticed a lemure
  4201 | D:4      | Found a shimmering altar of Xom.
  4202 | D:4      | Found an iron altar of Okawaru.
  4253 | D:4      | Found Oclosa's Armour Boutique.
  4265 | D:4      | Bought a +0 helmet of intelligence for 149 gold pieces
  4524 | D:5      | Entered Level 5 of the Dungeon
  4628 | D:5      | Gained mutation: A weak demonic guardian rushes to your
                  | aid. [demonic ancestry]
  4628 | D:5      | Reached XP level 6. HP: 31/41 MP: 1/11
  5296 | D:5      | Found a shadowy altar of Dithmenos.
  5381 | D:5      | Noticed an ice beast
  5418 | D:5      | Killed an ice beast
  5419 | D:5      | Reached skill level 5 in Ice Magic
  5419 | D:5      | Gained mutation: You are mostly covered in molten scales.
                  | (AC +3) [demonic ancestry]
  5419 | D:5      | Reached XP level 7. HP: 41/46 MP: 12/12
  5851 | D:6      | Noticed a steam dragon
  5863 | D:6      | Reached * piety under Vehumet
  5863 | D:6      | Offered knowledge of Sandblast by Vehumet.
  5866 | D:6      | Killed a steam dragon
  5951 | D:6      | Gained mutation: Your demonic aura sometimes causes spilled
                  | blood to erupt in flames. [demonic ancestry]
  5951 | D:6      | Reached XP level 8. HP: 52/52 MP: 5/14
  6073 | D:$      | Got out of the dungeon alive.

Illustrated notes

Levels and vault maps discovered:
D:1:      reono_arrival_forest_river, layout_loops_ring, basic_ecumenical_altar
D:2:      layout_loops_ring
D:3:      layout_basic
D:4:      layout_loops_ring, nicolae_overflow_crystal_walls, zin_statuary,
          evilmike_ruin_ashenzari, gammafunk_temple_overflow_pools,
          minmay_temple_entry_statues_pillars, serial_shops, shop,
          kennysheep_generic_room_9, uniq_grinder, uniq_pikel
D:5:      layout_rooms, grunt_dithmenos_smoke_and_mirrors,
          grunt_decor_one_mirror, dk_vineyard_3
D:6:      layout_basic, serial_shops, nicolae_shop_stone
Temple:   minmay_temple_curvy_branch

Skill      XL: |  1  2  3  4  5  6  7 |
---------------+----------------------+-----
Stealth        | 2 3 4 |  4.9
Dodging        | 2 3 4 |  4.5
Ice Magic      | 4 5 |  5.6
Spellcasting   | 3 4 |  4.6

Action                   |  1- 3 |  4- 6 |  7- 9 || total
-------------------------+-------+-------+-------++-------
Melee: Dagger            |    10 |       |       ||    10
       Unarmed           |     1 |       |       ||     1
       Staff             |    24 |    52 |       ||    76
       Punch             |     1 |     1 |       ||     2
       Whip              |       |    18 |    38 ||    56
 Cast: Freeze            |    50 |    44 |    12 ||   106
       Ozocubu's Armour  |       |     8 |     6 ||    14
       Frozen Ramparts   |       |     4 |     3 ||     7
  Use: Potion            |       |     1 |       ||     1
 Stab: Sleeping          |     7 |     5 |     1 ||    13
Armor: Robe              |    29 |    47 |    21 ||    97
Dodge: Dodged            |    46 |    56 |    31 ||   133
